 Dungeon Crawl Stone Soup version 0.29-a0-338-g1ff7896281 (webtiles) character file.

Game seed: 1282362492723371200

206 zeratav the Vexing (level 5, -5/24 HPs)
             Began as a Vine Stalker Enchanter on Apr 17, 2022.
             Slain by a gnoll
             ... wielding a +0 halberd
              (13 damage)
             ... on level 4 of the Dungeon.
             The game lasted 00:07:43 (3580 turns).

zeratav the Vexing (Vine Stalker Enchanter)         Turns: 3580, Time: 00:07:44

Health: -5/24      AC:  3    Str: 11    XL:     5   Next: 84%
Magic:  0/9        EV: 12    Int: 21    God:
Gold:   142        SH:  0    Dex: 16    Spells: 6/8 levels left

rFire   . . .      SeeInvis .   a - +1 dagger {short}
rCold   . . .      Faith    .   (no shield)
rNeg    . . .      Spirit   +   b - +0 robe
rPois   .          Reflect  .   d - +0 helmet
rElec   .          Harm     .   (no cloak)
rCorr   .          Rampage  .   (no gloves)
Will    +....                   (no boots)
Stlth   +++.......              (no amulet)
HPRegen 0.88/turn               j - +6 ring of intelligence
MPRegen 0.11/turn               q - ring of willpower

@: lethally poisoned (-5 -> -6)
A: fangs 2, regeneration 1, magic shield, antimagic bite, no potion heal 2
a: no special abilities


You were on level 4 of the Dungeon.
You visited 1 branch of the dungeon, and saw 4 of its levels.

You collected 142 gold pieces.


Innate Abilities, Weirdness & Mutations

You have extremely sharp teeth.
Your natural rate of healing is unusually fast.
When hurt, damage is shared between your health and your magic reserves.
Your bite disrupts and absorbs the magic of your enemies.
Potions cannot restore your health.


   Skills:
 * Level 2.5 Short Blades
 + Level 1.1 Armour
 - Level 1.5 Dodging
 + Level 4.4 Stealth
 - Level 2.1 Spellcasting
 - Level 5.0 Hexes


You had 6 spell levels left.
You knew the following spells:

 Your Spells              Type           Power      Damage    Failure   Level
a - Ensorcelled Hibernat  Hex/Ice        24%        N/A       8%          2

Your spell library contained the following spells:

 Spells                   Type           Power      Damage    Failure   Level
 Confusing Touch          Hex            23%        N/A       5%          3
 Tukima's Dance           Hex            23%        N/A       5%          3
 Dazzling Flash           Conj/Hex       24%        N/A       16%         3

Inventory:

Hand Weapons
 a - a +1 dagger (weapon) {short}
Armour
 b - a +0 robe (worn)
 d - a +0 helmet (worn)
   (You found it on level 1 of the Dungeon)
 g - a +0 plate armour
   (You found it on level 1 of the Dungeon)
 i - a +0 plate armour
   (You found it on level 1 of the Dungeon)
 n - a +0 robe
   (You found it on level 2 of the Dungeon)
 t - a +0 scale mail
   (You found it on level 2 of the Dungeon)
 u - a +0 leather armour
   (You found it on level 2 of the Dungeon)
 v - a +0 ring mail
   (You found it on level 3 of the Dungeon)
 w - a +0 leather armour
   (You took it off an orc on level 3 of the Dungeon)
 x - a +0 robe
   (You took it off an orc wizard on level 3 of the Dungeon)
 y - a +0 leather armour
   (You took it off an orc on level 3 of the Dungeon)
 z - a +0 scale mail
   (You took it off Terence on level 3 of the Dungeon)
 H - a +0 plate armour
   (You found it on level 3 of the Dungeon)
 I - a +0 leather armour
   (You found it on level 3 of the Dungeon)
 J - a +0 ring mail
   (You took it off a hobgoblin on level 3 of the Dungeon)
 K - a +0 scale mail
   (You took it off an orc on level 4 of the Dungeon)
Jewellery
 j - a +6 ring of intelligence (left hand)
   (You found it on level 1 of the Dungeon)
 q - a ring of willpower (right hand)
   (You found it on level 2 of the Dungeon)
Wands
 r - a wand of iceblast (2)
   (You found it on level 2 of the Dungeon)
Scrolls
 h - 3 scrolls of noise {unknown}
 k - 2 scrolls of amnesia {unknown}
 o - a scroll of fear {unknown}
 s - a scroll of teleportation {unknown}
 B - 3 scrolls of identify {unknown}
 C - a scroll of magic mapping {unknown}
 D - a scroll of enchant weapon {unknown}
 E - a scroll of summoning {unknown}
 F - a scroll of enchant armour {unknown}
 G - a scroll of immolation {unknown}
Potions
 c - 2 potions of invisibility
 e - a potion of heal wounds {unknown}
 f - 3 potions of cancellation {unknown}
 l - a potion of resistance {unknown}
 m - a potion of mutation {unknown}
 p - 2 potions of lignification {unknown}
 A - a potion of ambrosia {unknown}

Dungeon Overview and Level Annotations

Branches:
Dungeon (4/15)
 Temple: D:4-7

Altars:

####### #######.....#
#####.).........####
.....................
..####...........######
.....................)###
.####.<.........####...##
#.....g.....# ####..##
#....@......# #.......
#....S......# #.......
..........########.......
.#######.## #............
#.# #.#####.....# #..
#.....# .... #.)...# .##.
#.....# # #.....#


You could see a gnoll and an adder.


Message History

Aiming: Ensorcelled Hibernation (safe; 8% risk of failure)
Press: ? - help, Shift-Dir - straight line, f - gnoll
Aim: a gnoll, wielding a +0 club (chance to affect: 54%)
You miscast Ensorcelled Hibernation.
You are very lightly contaminated with residual magic.
Nothing appears to happen.
The giant cockroach bites you but does no damage.
The gnoll hits you with a +0 club!
HP[-5] MP[-3]
You take 5 damage, and now have 13/24 hp.
MASSIVE DAMAGE!! (PAUSE)
You lost 3 mp, and now have 3/9 mp.
Casting: Ensorcelled Hibernation (safe; 8% risk of failure)
Confirm with . or Enter, or press ? or * to list all spells.
Aiming: Ensorcelled Hibernation (safe; 8% risk of failure)
Press: ? - help, Shift-Dir - straight line, f/p - gnoll
Aim: a gnoll, wielding a +0 club (chance to affect: 54%)
The gnoll looks drowsy...
The giant cockroach closely misses you.
HP[+1] MP[-2]
You lost 2 mp, and now have 1/9 mp.
The helpless gnoll fails to defend itself.
You impale the gnoll!!
You kill the gnoll!
The giant cockroach barely misses you. x2
HP[+1]
You hit the giant cockroach but do no damage.
You bite the giant cockroach.
You kill the giant cockroach!
You see here a +0 whip {mace}.
HP[+1]
You start resting.
Your magical contamination has completely faded away.
HP[+8] MP[+1]
Your hp is fully restored (24).
You start resting.
MP[+7]
Your mp is fully restored (9).
There is a stone staircase leading down, spattered with blood here.
You climb downwards.
There is a stone staircase leading up, spattered with blood here.
Casting: Ensorcelled Hibernation (safe; 8% risk of failure)
Confirm with . or Enter, or press ? or * to list all spells.
Aiming: Ensorcelled Hibernation (safe; 8% risk of failure)
Press: ? - help, Shift-Dir - straight line, f - gnoll
Aim: a gnoll, wielding a +0 halberd (chance to affect: 54%)
The gnoll looks drowsy...
MP[-2]
You lost 2 mp, and now have 7/9 mp.
An adder comes into view.
The adder hisses angrily.
The adder attacks as you move away! The adder bites you.
You are poisoned.
The adder poisons you!
You feel sick.
HP[-3] MP[-1]
You take 3 damage, and now have 21/24 hp.
You lost 1 mp, and now have 6/9 mp.
Casting: Ensorcelled Hibernation (safe; 8% risk of failure)
Confirm with . or Enter, or press ? or * to list all spells.
Okay, then.
Casting: Ensorcelled Hibernation (safe; 8% risk of failure)
Confirm with . or Enter, or press ? or * to list all spells.
Aiming: Ensorcelled Hibernation (safe; 8% risk of failure)
Press: ? - help, Shift-Dir - straight line, f - adder, p - gnoll
Aim: an adder (chance to affect: 54%)
The adder resists with significant effort.
You feel sick. The adder bites you but does no damage.
The gnoll hits you with a +0 halberd. The adder misses you.
HP[-3] MP[-2]
You take 3 damage, and now have 18/24 hp.
You lost 2 mp, and now have 4/9 mp.
Casting: Ensorcelled Hibernation (safe; 8% risk of failure)
Confirm with . or Enter, or press ? or * to list all spells.
Aiming: Ensorcelled Hibernation (safe; 8% risk of failure)
Press: ? - help, Shift-Dir - straight line, f/p - adder
Aim: an adder (chance to affect: 54%)
The adder resists with significant effort.
You feel sick. The gnoll hits you with a +0 halberd. The adder misses you.
HP[-4] MP[-2]
You take 4 damage, and now have 14/24 hp.
You lost 2 mp, and now have 2/9 mp.
Casting: Ensorcelled Hibernation (safe; 8% risk of failure)
Confirm with . or Enter, or press ? or * to list all spells.
Aiming: Ensorcelled Hibernation (safe; 8% risk of failure)
Press: ? - help, Shift-Dir - straight line, f/p - adder
Aim: an adder (chance to affect: 54%)
The adder resists with significant effort.
You feel sick. The adder closely misses you.
The gnoll hits you with a +0 halberd.
* * * LOW HITPOINT WARNING * * *
HP[-6] MP[-2]
You take 6 damage, and now have 8/24 hp.
MASSIVE DAMAGE!! (PAUSE)
You lost 2 mp, and now have 0/9 mp.
You hit the adder but do no damage. Your bite misses the adder.
You feel sick. The adder bites you but does no damage.
The gnoll barely misses you.
MP[+1]
You barely miss the adder.
You feel sick. The adder misses you. The gnoll hits you with a +0 halberd!
Ouch! That really hurt!
You die...

Skill      XL: |  1  2  3  4  5 |
---------------+----------------+-----
Hexes          | 4 5 |  5.0
Short Blades   | 1 2 |  2.5
Stealth        | 4 |  4.4
Armour         | 1 |  1.1
Dodging        | |  1.5
Spellcasting   | |  2.1

Action                   |  1- 3 |  4- 6 || total
-------------------------+-------+-------++-------
Melee: Dagger            |    89 |    70 ||   159
       Bite              |    18 |    15 ||    33
       Punch             |     1 |       ||     1
 Cast: Ensorcelled Hiber |    18 |    28 ||    46
 Stab: Sleeping          |    22 |    19 ||    41
Armor: Robe              |    13 |    13 ||    26
Dodge: Dodged            |    39 |    52 ||    91

Levels and vault maps discovered:
D:1:      eino_arrival_cavern_d, layout_basic,
          shapermc_ecumenical_altar_totnotflames
D:2:      layout_basic
D:3:      layout_loops_cross, portal_sewer_entry_b, uniq_terence
D:4:      layout_rooms

Notes
Turn   | Place    | Note
-------+----------+-------------------------------------------
     0 | D:1      | zeratav the Vine Stalker Enchanter began the quest for the
                  | Orb.
     0 | D:1      | Reached XP level 1. HP: 9/9 MP: 4/4
     0 | D:1      | magus.rc [v1.9.6]
   267 | D:1      | Reached XP level 2. HP: 13/13 MP: 6/6
   273 | D:1      | Learned a level 2 spell: Ensorcelled Hibernation
   557 | D:1      | Found a faded altar of an unknown god.
   952 | D:1      | Reached skill level 4 in Hexes
  1055 | D:2      | Reached XP level 3. HP: 15/16 MP: 2/7
  2164 | D:3      | Gained mutation: Your natural rate of healing is unusually
                  | fast. [Vine Stalker growth]
  2164 | D:3      | Reached XP level 4. HP: 21/21 MP: 8/8
  2199 | D:3      | Reached skill level 5 in Hexes
  2199 | D:3      | Reached skill level 1 in Short Blades
  2392 | D:3      | Noticed Terence
  2399 | D:3      | Killed Terence
  2400 | D:3      | Reached skill level 4 in Stealth
  2400 | D:3      | Reached XP level 5. HP: 24/24 MP: 3/9
  3387 | D:4      | Reached skill level 2 in Short Blades
  3391 | D:4      | Reached skill level 1 in Armour
  3580 | D:4      | Slain by a gnoll

Vanquished Creatures
  A jelly (D:4)
  Terence (D:3)
  An orc wizard (D:3)
  3 gnolls
  3 worms
  4 dart slugs
  5 orcs
  7 ball pythons
  6 endoplasms
  4 giant cockroaches
  8 goblins
  5 hobgoblins
  8 kobolds
  A quokka (D:2)
  6 bats
  3 frilled lizards
  11 rats
77 creatures vanquished.

Table legend:
 A = Non-vault XP
 B = Vault XP
 C = Vault XP percentage of total XP
 D = Non-vault monster count
 E = Vault monster count
 F = Vault count percentage of total count
                 A         B        C        D         E       F
            +---------+---------+-------+---------+---------+-------
      Total |     248 |      47 |  15.9 |      69 |       8 |  10.4
            +---------+---------+-------+---------+---------+-------
        D:1 |      31 |       0 |   0.0 |      17 |       0 |   0.0
        D:2 |      41 |       0 |   0.0 |      21 |       0 |   0.0
        D:3 |     111 |      47 |  29.7 |      26 |       8 |  23.5
        D:4 |      65 |       0 |   0.0 |       5 |       0 |   0.0
            +---------+---------+-------+---------+---------+-------

Illustrated notes

Table legend:
 A = Kills in this place as a percentage of kills in entire the game.
 B = Kills by you in this place as a percentage of kills by you in the entire game.
 C = Kills by friends in this place as a percentage of kills by friends in the entire game.
 D = Other kills in this place as a percentage of other kills in the entire game.
 E = Experience gained in this place as a percentage of experience gained in the entire game.
 F = Experience gained in this place divided by the number of levels of this place that you have seen.
                   A       B       C       D       E      F
               +-------+-------+-------+-------+-------+----------------------
         Total | 100.0 | 100.0 |   N/A |   N/A | 100.0 |  73.8
       Dungeon | 100.0 | 100.0 |   N/A |   N/A | 100.0 |  73.8
               +-------+-------+-------+-------+-------+----------------------

Table legend: (Time is in decaauts)
 A = Elapsed time spent in this place.
 B = Non-inter-level travel time spent in this place.
 C = Inter-level travel time spent in this place.
 D = Time resting spent in this place.
 E = Time spent auto-exploring this place.
 F = Levels seen in this place.
 G = Mean time per level.
                   A        B        C        D        E       F      G
               +--------+--------+--------+--------+--------+-----+--------+
         Total |   3570 |   3393 |    177 |    603 |   2140 |   4 |  892.5 |
       Dungeon |   3570 |   3393 |    177 |    603 |   2140 |   4 |  892.5 |
               +--------+--------+--------+--------+--------+-----+--------+

Top non-repeatable levels by time:
     D:3: 1361 daAuts
     D:2: 1098 daAuts
     D:1: 1023 daAuts
     D:4: 87 daAuts
